 Dungeon Sprint DCSS version 0.30.1-11-g7821555f0a (webtiles) character file.

Game seed: 15467267835736846640

16 Heoruswealwe the Poker (level 2, -3/28 HPs)
             Began as a Minotaur Fighter on Jan 2, 2024.
             Slain by a gnoll sergeant
             ... wielding a +1 trident of venom
              (9 damage)
             ... in the Dungeon (Sprint IX: "|||||||||||||||||||||||||||||").
             The game lasted 00:00:22 (43 turns).

Heoruswealwe the Poker (Minotaur Fighter)             Turns: 43, Time: 00:00:23

Health: -3/28      AC:  7    Str: 20    XL:     2   Next: 37%
Magic:  1/1        EV:  9    Int:  5    God:
Gold:   0          SH:  4    Dex:  9    Spells: 1/1 levels left

rFire   . . .        a - +0 trident
rCold   . . .        d - +0 buckler
rNeg    . . .        c - +0 scale mail
rPois   .            (helmet restricted)
rElec   .            (no cloak)
rCorr   .            (no gloves)
SInv    .            (no boots)
Will    .....        (no amulet) Stlth
                     (no ring)
HPRegen 0.24/turn    (no ring)
MPRegen 0.07/turn

%: no teleportation
@: lethally poisoned (-3 -> -13)
A: horns 2, retaliatory headbutt
a: no special abilities


You were in the Dungeon.
You visited 1 branch

Inventory:

Hand Weapons
 a - a +0 trident (weapon)
Armour
 c - a +0 scale mail (worn)
 d - a +0 buckler (worn)
Scrolls
 j - a scroll of blinking
Potions
 b - a potion of might
 f - a potion of heal wounds
 g - a potion of haste
 i - a potion of berserk rage


   Skills:
 + Level 4.6 Fighting
 * Level 4.8 Polearms
 + Level 4.7 Armour
 - Level 3.6 Shields


You had one spell level left.
You didn't know any spells.
Your spell library was empty.

Dungeon Overview and Level Annotations

Branches:
Dungeon (1/1)

Altars:


Innate Abilities, Weirdness & Mutations

You have a pair of horns on your head.
You reflexively headbutt those who attack you in melee.


Message History

You open the door.
A scorpion, 2 gnolls, a hound and a quokka come into view.
A gnoll sergeant is wielding a +1 trident of venom.
The gnoll sergeant shouts!
The hound barks!
The gnoll shouts!
The gnoll closely misses you. The gnoll barely misses you.
There is an open door here.
You closely miss the gnoll. You headbutt the gnoll.
The gnoll is moderately wounded.
The gnoll hits you but does no damage.
You hit the gnoll. You headbutt the gnoll.
The gnoll is almost dead.
The gnoll hits you but does no damage.
You completely miss the gnoll. Your headbutt misses the gnoll.
The gnoll is almost dead.
The gnoll hits you with a +0 spear.
You hit the gnoll.
You kill the gnoll!
Your Polearms skill increases to level 4!
You have reached level 2!
You miss the quokka. The quokka bites you.
You closely miss the quokka. You headbutt the quokka.
You kill the quokka!
The hound barely misses you.
You hit the hound. You headbutt the hound.
The hound is heavily wounded.
The gnoll sergeant barely misses you. You block the hound's attack.
The gnoll sergeant hits you from afar with a +1 trident of venom!
* * * LOW HITPOINT WARNING * * *
You are lethally poisoned!
You feel better. The hound bites you. You block the hound's attack.
The gnoll sergeant hits you from afar with a +1 trident of venom!
You are lethally poisoned!
You miss the hound.
The hound is heavily wounded.
* * * LOW HITPOINT WARNING * * *
You feel very sick. You block the hound's attack.
The gnoll sergeant hits you from afar with a +1 trident of venom!
You die... ▓▓▓▓▓▓▓▓▓▓▓▓▓▓▓▓▓▓ +..sgh@....††.!.<▓ ▓▓▓▓▓▓▓▓▓▓▓▓▓▓▓▓▓▓

You could see a gnoll sergeant, a scorpion and a hound.

Vanquished Creatures
  A gnoll (D)
  A hobgoblin (D)
  2 quokkas (D)
  2 frilled lizards (D)
  A rat (D)
7 creatures vanquished.

Notes
Turn   | Place    | Note
-------+----------+-------------------------------------------
     0 | D        | Heoruswealwe the Minotaur Fighter began the quest for the
                  | Orb.
     0 | D        | Reached XP level 1. HP: 19/19 MP: 0/0
    33 | D        | Noticed a scorpion
    33 | D        | Noticed a gnoll sergeant
    33 | D        | Noticed a hound
    39 | D        | Reached XP level 2. HP: 21/28 MP: 1/1
    43 | D        | Slain by a gnoll sergeant

Illustrated notes

Levels and vault maps discovered:
D:        linesprint [early_d, line_temple, items_1, d_10, items_2, lair_1,
          lair_end, items_3, orc_1, orc_end, items_4, d_15, swamp_1, shoals_1,
          snake_1, spider_1, d_20, vaults_1, items_5, swamp_end, shoals_end,
          snake_end, spider_end, vaults_end, d_27, items_6, zot_1, zot_end,
          crypt_end, forest_end, elf_end, slime_end, tomb_end, abyss_end,
          pan_hell_end]

Skill      XL: |  1 |
---------------+----+-----
Polearms       | 4 |  4.8
Fighting       | 4 |  4.6
Armour         | 4 |  4.7
Shields        | |  3.6

Action                     || total
---------------------------++-------
  Melee: Trident           ||    19
         Headbutt          ||     4
    Use: Potion            ||     1
 Armour: Scale mail        ||     7
  Dodge: Dodged            ||     7
  Block: Buckler           ||     4
